[Event "Titled Tuesday Blitz September 21 2021"]
[White "Arabidze, Meri"]
[Black "Nakamura, Hikaru"]
[WhiteFideId "13604040"]
[BlackFideId "2016192"]
[WhiteElo "2718"]
[BlackElo "3201"]
[Result "0-1"]
[Round "03"]
[TimeControl "180+1"]
[Date "2021.09.21"]
[WhiteClock "0:00:04"]
[BlackClock "0:02:08"]

1. Nf3 g6 2. g3 Bg7 3. Bg2 d6 4. O-O Bd7 5. d4 Qc8 6. c4 Bh3 7. Nc3 Nc6 8. d5 Ne5 9. Nxe5 Bxe5 10. Be3 h5 11. f3 Nh6 12. Bd4 Bxg2 13. Kxg2 Nf5 14. Qa4+ c6 15. Bxe5 dxe5 16. Nd1 O-O 17. Qb3 Rd8 18. e4 Nd4 19. Qd3 b5 20. b3 e6 21. Ne3 Rb8 22. Rac1 bxc4 23. bxc4 Rb2+ 24. Rf2 Rxf2+ 25. Kxf2 cxd5 26. exd5 exd5 27. Rc3 dxc4 28. Rxc4 Qh3 29. Nf1 Qe6 30. Rc7 Qb6 0-1


[Site "https://www.chess.com"]

[Event "Titled Tuesday Blitz September 21 2021"]
[White "Aradhya, Garg"]
[Black "Zhigalko, Sergei"]
[WhiteFideId "25006746"]
[BlackFideId "13502956"]
[WhiteElo "2146"]
[BlackElo "2662"]
[Result "0-1"]
[Round "03"]
[TimeControl "180+1"]
[Date "2021.09.21"]
[WhiteClock "0:00:12"]
[BlackClock "0:00:10"]

1. d4 Nf6 2. c4 e6 3. Nf3 b6 4. a3 Ba6 5. Qb3 Be7 6. Nc3 d5 7. cxd5 Nxd5 8. e4 Bxf1 9. Kxf1 Nxc3 10. bxc3 O-O 11. h4 Qc8 12. g3 Qb7 13. Qc2 f5 14. Nd2 Nd7 15. Qb3 Qc6 16. d5 exd5 17. exd5 Qd6 18. c4 Nc5 19. Qf3 Bf6 20. Rb1 Rae8 21. Kg2 f4 22. g4 Bd4 23. g5 Re3 24. Qg4 f3+ 25. Kh3 Rd3 26. Ne4 Nxe4 27. Qxe4 Bxf2 28. Qe6+ Qxe6+ 29. dxe6 Rd4 0-1


[Site "https://www.chess.com"]

[Event "Titled Tuesday Blitz September 21 2021"]
[White "Arjun Kalyan"]
[Black "Andreikin, Dmitry"]
[WhiteFideId "35018701"]
[BlackFideId "4158814"]
[WhiteElo "2714"]
[BlackElo "3012"]
[Result "0-1"]
[Round "03"]
[TimeControl "180+1"]
[Date "2021.09.21"]
[WhiteClock "0:00:06"]
[BlackClock "0:00:17"]

1. e4 e5 2. Nf3 Nc6 3. Bc4 Bc5 4. c3 Nf6 5. d3 O-O 6. O-O d6 7. Re1 h6 8. h3 Re8 9. Nbd2 Bb6 10. a4 a6 11. b4 Ne7 12. Qb3 Rf8 13. d4 Ng6 14. a5 Ba7 15. dxe5 dxe5 16. Nf1 Nh5 17. Be3 Nhf4 18. Rad1 Qf6 19. N1h2 Bxh3 20. gxh3 Nxh3+ 21. Kg2 Ngf4+ 22. Bxf4 Nxf4+ 23. Kh1 Nh3 24. Re2 Nxf2+ 25. Rxf2 Bxf2 26. Rf1 Bg3 27. Qc2 Rad8 28. Qg2 Bxh2 29. Nxh2 Qh4 30. Qg4 Qxg4 31. Nxg4 Rde8 32. Rf5 g6 33. Rxe5 Kg7 34. Rxe8 Rxe8 35. Nf2 f5 36. exf5 gxf5 37. Kg2 Re3 38. Bd3 Kf6 39. c4 Ke5 40. b5 Kd4 41. Bxf5 Kxc4 42. bxa6 bxa6 43. Ng4 Ra3 44. Nxh6 Rxa5 45. Kf3 Re5 46. Kf4 Re1 47. Ng4 Kd4 48. Nh2 Kc3 49. Nf3 Re7 50. Ne5 c5 51. Ke4 a5 52. Kd5 a4 53. Nc6 a3 54. Nxe7 a2 55. Kxc5 a1=Q 56. Nd5+ Kd2 57. Be6 Qe5 58. Bd7 Kd3 59. Bc6 Ke4 60. Kb6 Kd4 61. Ka7 Kc5 62. Bb7 Qd6 63. Ka8 Qd8+ 64. Ka7 Qa5+ 65. Kb8 Kd6 66. Kc8 Qa7 67. Nf6 Qc5+ 68. Kb8 Qc7+ 69. Ka7 Qa5+ 70. Ba6 Kc6 71. Ne8 Qb6+ 72. Ka8 Qxa6+ 73. Kb8 Qb7# 0-1


[Site "https://www.chess.com"]

[Event "Titled Tuesday Blitz September 21 2021"]
[White "Bacrot, Etienne"]
[Black "Baskin, Robert"]
[WhiteFideId "605506"]
[BlackFideId "24662402"]
[WhiteElo "2673"]
[BlackElo "2521"]
[Result "0-1"]
[Round "03"]
[TimeControl "180+1"]
[Date "2021.09.21"]
[WhiteClock "0:00:01"]
[BlackClock "0:00:10"]

1. e4 c5 2. Nf3 d6 3. Bb5+ Nd7 4. O-O a6 5. Bd3 Ngf6 6. Re1 e6 7. c3 b5 8. Bc2 c4 9. a4 Bb7 10. d4 cxd3 11. Qxd3 Nc5 12. Qe2 bxa4 13. e5 dxe5 14. Nxe5 Qd5 15. Qf1 Bd6 16. f4 Nb3 17. c4 Qd4+ 18. Be3 Qxb2 19. Bxb3 Qxa1 20. Nd2 Qa3 21. Ra1 axb3 22. Rxa3 Bxa3 23. Qa1 Bd6 24. Nxb3 O-O 25. Na5 Be4 26. c5 Rab8 27. cxd6 Rb1+ 28. Qxb1 Bxb1 29. Bb6 Nd5 30. Nac4 f6 31. Nc6 Bd3 32. Ne7+ Nxe7 33. dxe7 Re8 34. Nb2 Bb5 35. Bd8 Kf7 36. Kf2 Rxe7 37. Bxe7 Kxe7 38. Ke3 Kd6 39. Kd4 e5+ 40. fxe5+ fxe5+ 41. Kc3 Kc5 42. Nd1 a5 43. Nf2 Kd5 44. h4 Bf1 45. g3 a4 46. Ng4 Ba6 47. h5 h6 48. Nf2 Be2 49. Kd2 Bxh5 50. g4 Bf7 51. Nd1 Kd4 0-1


[Site "https://www.chess.com"]

[Event "Titled Tuesday Blitz September 21 2021"]
[White "Bazeev, German"]
[Black "Markidis, Konstantinos"]
[WhiteFideId "24119350"]
[BlackFideId "4203500"]
[WhiteElo "2462"]
[BlackElo "2304"]
[Result "1-0"]
[Round "03"]
[TimeControl "180+1"]
[Date "2021.09.21"]
[WhiteClock "0:00:05"]
[BlackClock "0:00:03"]

1. d4 Nf6 2. Nf3 e6 3. c4 Bb4+ 4. Bd2 a5 5. g3 d5 6. Qc2 O-O 7. Bg2 c6 8. O-O Be7 9. Bg5 Nbd7 10. Nbd2 h6 11. Bxf6 Nxf6 12. e4 b6 13. e5 Nd7 14. Rfc1 Ba6 15. cxd5 cxd5 16. Bf1 Bxf1 17. Nxf1 b5 18. Qc7 Nb6 19. Qxd8 Rfxd8 20. Rc6 Nc4 21. b3 Na3 22. Rac1 a4 23. Rc7 Bf8 24. Rb7 axb3 25. axb3 Rdc8 26. Rcc7 Rxc7 27. Rxc7 b4 28. Rb7 Nb1 29. Kg2 Nc3 30. N1d2 g5 31. g4 Kg7 32. h4 gxh4 33. Nxh4 Ra2 34. Nhf3 Ne4 35. Nxe4 dxe4 36. Ng1 e3 37. Kf1 Rxf2+ 38. Ke1 Rb2 39. Nf3 Rxb3 40. Ke2 Rc3 41. d5 exd5 42. e6 Bd6 43. Nd4 Kf6 44. exf7 Rc4 45. Nf5 Bf8 46. Nxe3 Re4 47. Kd3 Re5 48. Nc2 Re7 49. Rb6+ Kxf7 50. Nd4 Re4 51. Rb7+ Kg6 52. Rb6+ Kg5 53. Ne6+ Kxg4 54. Nxf8 h5 55. Nh7 Rf4 56. Nf6+ Kg5 57. Nxd5 Rf5 58. Ne3 Rf3 59. Rb5+ Kf4 60. Rxb4+ Kg3 61. Rb8 Kf2 62. Rb2+ Kg3 63. Ke4 h4 64. Nf5+ Kg4 65. Rg2+ Rg3 66. Nxg3 hxg3 67. Ke3 Kh3 68. Kf3 Kh4 69. Rxg3 1-0


[Site "https://www.chess.com"]

[Event "Titled Tuesday Blitz September 21 2021"]
[White "Belenkaya, Dina"]
[Black "Harikrishna, Pentala"]
[WhiteFideId "24142654"]
[BlackFideId "5007003"]
[WhiteElo "2247"]
[BlackElo "2614"]
[Result "0-1"]
[Round "03"]
[TimeControl "180+1"]
[Date "2021.09.21"]
[WhiteClock "0:00:08"]
[BlackClock "0:00:44"]

1. Nf3 d5 2. g3 g6 3. Bg2 Bg7 4. O-O e5 5. d3 Ne7 6. Nbd2 O-O 7. e4 Nbc6 8. c3 a5 9. a4 h6 10. Qe2 Be6 11. Rd1 Qd7 12. exd5 Nxd5 13. Ne4 Qe7 14. Ned2 Rad8 15. Nc4 Nb6 16. b3 Rfe8 17. Ba3 Qd7 18. Qc2 Nd5 19. Re1 Bh3 20. Rad1 Bxg2 21. Kxg2 Nf4+ 22. Kg1 Nxd3 23. Re3 e4 24. Ne1 Nxe1 25. Rexe1 Qf5 26. Ne3 Qf3 27. Bc5 Ne5 28. Bd4 Nd3 29. Bxg7 Nxe1 30. Rxe1 Kxg7 31. c4 Rd3 32. Nd5 c6 33. Qb2+ f6 34. Ne3 Red8 35. Qc2 Rd2 36. Qc3 Qxf2+ 0-1


[Site "https://www.chess.com"]

[Event "Titled Tuesday Blitz September 21 2021"]
[White "Bluebaum, Matthias"]
[Black "Coelho, Ramyres Santana"]
[WhiteFideId "24651516"]
[BlackFideId "2120690"]
[WhiteElo "2681"]
[BlackElo "1888"]
[Result "1-0"]
[Round "03"]
[TimeControl "180+1"]
[Date "2021.09.21"]
[WhiteClock "0:01:57"]
[BlackClock "0:01:02"]

1. d4 Nf6 2. Nf3 g6 3. Nc3 d5 4. Bf4 c6 5. e3 Bg7 6. h3 O-O 7. Be2 Nbd7 8. O-O Ne4 9. Nxe4 dxe4 10. Nd2 f5 11. Nc4 b5 12. Ne5 Nxe5 13. dxe5 Qxd1 14. Rfxd1 Be6 15. c4 a6 16. a4 Bxc4 17. Bxc4+ bxc4 18. Rac1 Rfd8 19. Rxd8+ Rxd8 20. Rxc4 Rc8 21. Rb4 a5 22. Rb7 Kf7 23. Ra7 Ke6 24. Rxa5 Rb8 25. Rc5 Rxb2 26. Rxc6+ Kd7 27. Ra6 Rb1+ 28. Kh2 Rd1 29. e6+ Kc8 30. Rb6 1-0


[Site "https://www.chess.com"]

[Event "Titled Tuesday Blitz September 21 2021"]
[White "Bouget, Alexandre"]
[Black "Sargsyan, Anna M."]
[WhiteFideId "681318"]
[BlackFideId "13308130"]
[WhiteElo "2178"]
[BlackElo "2263"]
[Result "0-1"]
[Round "03"]
[TimeControl "180+1"]
[Date "2021.09.21"]
[WhiteClock "0:00:01"]
[BlackClock "0:01:20"]

1. d4 d5 2. c4 c6 3. Nc3 Nf6 4. Nf3 dxc4 5. e3 Bf5 6. Bxc4 e6 7. O-O Be7 8. Qe2 O-O 9. e4 Bg4 10. Be3 Nbd7 11. Rad1 Re8 12. h3 Bh5 13. Qc2 Qc7 14. e5 Nd5 15. a3 Nf8 16. Rc1 Rad8 17. Nd2 Nxe3 18. fxe3 c5 19. Qe4 cxd4 20. Nb5 Qb6 21. exd4 a6 22. Nd6 Bxd6 23. exd6 Rxd6 24. Nf3 Qxb2 25. Kh1 Red8 26. Rb1 Qxa3 27. Rxb7 Bg6 28. Qf4 Qc3 29. Ne5 Rxd4 30. Qf2 Rd2 31. Qf4 R2d4 32. Qf2 f6 0-1


[Site "https://www.chess.com"]

[Event "Titled Tuesday Blitz September 21 2021"]
[White "Buscar, Michael"]
[Black "Williams, Simon K"]
[WhiteFideId "2603616"]
[BlackFideId "404454"]
[WhiteElo "2010"]
[BlackElo "2468"]
[Result "1-0"]
[Round "03"]
[TimeControl "180+1"]
[Date "2021.09.21"]
[WhiteClock "0:00:06"]
[BlackClock "0:00:04"]

1. d4 e6 2. c4 b6 3. Nf3 Bb7 4. e3 f5 5. Nc3 Nf6 6. Be2 Bb4 7. O-O O-O 8. a3 Bxc3 9. bxc3 Ne4 10. Qc2 Rf6 11. Ne5 d6 12. Nd3 Rh6 13. Bf3 Qh4 14. h3 Nd7 15. c5 Rf8 16. cxd6 cxd6 17. a4 Rff6 18. Nf4 g5 19. g3 Nxg3 20. fxg3 Qxg3+ 21. Qg2 Qxg2+ 22. Nxg2 Ba6 23. Rf2 Rxh3 24. Bc6 Nf8 25. a5 Rfh6 26. Ne1 d5 27. Nf3 Rh1+ 28. Kg2 g4 29. Ng5 R6h2+ 30. Kg3 h6 31. Rxh2 Rg1+ 32. Rg2 Rh1 33. axb6 hxg5 34. Rxa6 axb6 35. Rxb6 Rxc1 36. Rb8 Kf7 37. Bb5 Ng6 38. c4 Rc3 39. Re2 dxc4 40. Rc8 Kf6 41. Rxc4 Rb3 42. Bd7 Rb6 43. Rc6 Rxc6 44. Bxc6 Nh4 45. d5 exd5 46. Bxd5 Ke5 47. Bc4 Ng6 48. Bd3 Kf6 49. Rf2 Ne7 50. Bxf5 Nxf5+ 51. Kxg4 1-0


[Site "https://www.chess.com"]

[Event "Titled Tuesday Blitz September 21 2021"]
[White "Chos, Alexey"]
[Black "Aldokhin, Ivan"]
[WhiteFideId "14117762"]
[BlackFideId "24115720"]
[WhiteElo "2234"]
[BlackElo "2265"]
[Result "0-1"]
[Round "03"]
[TimeControl "180+1"]
[Date "2021.09.21"]
[WhiteClock "0:00:03"]
[BlackClock "0:00:09"]

1. d4 Nf6 2. Nf3 g6 3. c4 Bg7 4. Nc3 d6 5. g3 O-O 6. Bg2 Nc6 7. O-O Bf5 8. a3 Ne4 9. Nh4 Nxc3 10. bxc3 Bd7 11. e4 Na5 12. Qd3 c5 13. Be3 Qc7 14. Rac1 Rac8 15. d5 Ba4 16. Rb1 Bb3 17. Rxb3 Nxb3 18. Rb1 Na5 19. f4 b5 20. cxb5 c4 21. Qc2 Nb3 22. Bf1 Rb8 23. Bxc4 Qxc4 24. Qxb3 Qxe4 25. Bxa7 Rbc8 26. Rc1 Rc7 27. b6 Qe3+ 28. Kg2 Rxa7 29. bxa7 Qxc1 30. Qa4 Ra8 31. c4 Bd4 32. Nf3 Bc5 33. Qc6 Qc2+ 34. Kh3 Rxa7 35. Qe8+ Kg7 36. Ng5 Qf5+ 37. Kg2 Rb7 38. h3 Rb2+ 39. Kf3 h5 40. Ne6+ fxe6 41. Qxe7+ Qf7 42. Qg5 Rf2+ 43. Ke4 exd5+ 44. cxd5 Qf5+ 45. Qxf5 gxf5+ 46. Kxf5 Bxa3 47. Kg5 Rg2 48. g4 hxg4 49. hxg4 Bc1 50. Kf5 Rf2 51. Ke6 Rxf4 52. Kxd6 Rxg4 53. Kc6 Ba3 54. Kd7 Rg6 55. Kc7 Rd6 0-1


[Site "https://www.chess.com"]

[Event "Titled Tuesday Blitz September 21 2021"]
[White "Corrales Jimenez, Fidel"]
[Black "AleksanderHnydiuk"]
[WhiteFideId "3506690"]
[WhiteElo "2555"]
[BlackElo "2599"]
[Result "1-0"]
[Round "03"]
[TimeControl "180+1"]
[Date "2021.09.21"]
[WhiteClock "0:00:19"]
[BlackClock "0:00:08"]

1. e4 c5 2. Nf3 d6 3. d4 cxd4 4. Nxd4 Nf6 5. Nc3 a6 6. Be3 e6 7. Qd2 b5 8. f3 Bb7 9. a4 bxa4 10. Nxa4 Nbd7 11. Nb3 Qc7 12. c4 Be7 13. Na5 O-O 14. Be2 Rab8 15. Nxb7 Rxb7 16. O-O Rfb8 17. Rfc1 Nc5 18. Nxc5 dxc5 19. Rc2 Bd6 20. g3 Be5 21. Rxa6 Rd8 22. Qa5 Bd4 23. Bxd4 cxd4 24. Qxc7 Rxc7 25. b4 Kf8 26. c5 d3 27. Rd2 dxe2 28. Rxd8+ Ke7 29. Kf2 Kxd8 30. Kxe2 Rb7 31. Ra4 Nd7 32. f4 Nb8 33. Kd3 Nc6 34. Kc4 Ra7 35. Rxa7 Nxa7 36. b5 Kd7 37. e5 f6 38. Kb4 fxe5 39. fxe5 Nc8 40. Ka5 Ne7 41. Ka6 Nd5 42. Kb7 Kd8 43. c6 Nc7 44. b6 1-0


[Site "https://www.chess.com"]

[Event "Titled Tuesday Blitz September 21 2021"]
[White "Costachi, Mihnea"]
[Black "Kim, Sergey"]
[WhiteFideId "1217518"]
[BlackFideId "13700570"]
[WhiteElo "2482"]
[BlackElo "2417"]
[Result "1-0"]
[Round "03"]
[TimeControl "180+1"]
[Date "2021.09.21"]
[WhiteClock "0:01:43"]
[BlackClock "0:00:14"]

1. e4 e5 2. Nf3 Nc6 3. Bc4 Bc5 4. d3 Nf6 5. Bg5 d6 6. c3 h6 7. Bh4 g5 8. Bg3 Bg4 9. Nbd2 Qe7 10. b4 Bb6 11. h3 Bh5 12. a4 a6 13. a5 Ba7 14. Qb3 Kf8 15. b5 Nd8 16. b6 cxb6 17. axb6 Bb8 18. O-O Kg7 19. d4 Nc6 20. Bd5 Re8 21. Bxc6 bxc6 22. Ra5 Bxf3 23. Nxf3 Nxe4 24. Bh2 d5 25. Bxe5+ Bxe5 26. Nxe5 Qe6 27. b7 Rab8 28. Qb6 Nxc3 29. Rxa6 f6 30. Nxc6 Ne2+ 31. Kh1 Qe4 32. Nxb8 Nf4 33. Qxf6+ Kh7 34. Qxh6+ 1-0


[Site "https://www.chess.com"]

[Event "Titled Tuesday Blitz September 21 2021"]
[White "Czerw, Dawid"]
[Black "Suarez Gomez, Julio"]
[WhiteFideId "1145746"]
[BlackFideId "22275991"]
[WhiteElo "2075"]
[BlackElo "2376"]
[Result "0-1"]
[Round "03"]
[TimeControl "180+1"]
[Date "2021.09.21"]
[WhiteClock "0:00:07"]
[BlackClock "0:00:35"]

1. d4 Nf6 2. c4 e6 3. Nc3 d5 4. cxd5 exd5 5. Bg5 Nbd7 6. e3 c6 7. Bd3 Be7 8. Nge2 O-O 9. Qc2 Re8 10. O-O Nf8 11. f3 g6 12. Rad1 Ne6 13. Bh4 b5 14. Kh1 Bb7 15. h3 Rc8 16. Bf2 b4 17. Na4 Qa5 18. e4 c5 19. Nxc5 Nxc5 20. dxc5 Bxc5 21. Bxc5 Rxc5 22. Qb3 Bc6 23. a3 Ba4 24. Qxb4 Bxd1 25. Rxd1 dxe4 26. fxe4 Qxb4 27. axb4 Rc7 28. Nc3 Rd7 29. Nd5 Rd6 30. Bb5 Rxe4 31. Ne7+ Rxe7 32. Rxd6 Kg7 33. Bc6 Re2 34. b5 Rxb2 35. Rd8 Ra2 36. Ra8 Ra5 37. Kh2 h5 38. Kg3 g5 39. Kf3 h4 40. Ke3 Nh5 41. Kd4 Kf6 42. Kc5 Ng7 43. Kb4 Ra1 44. Bb7 Ne6 45. Ba6 Ra2 46. Rxa7 Rxg2 47. b6 Rb2+ 48. Ka5 g4 49. hxg4 h3 50. Bb7 Nc5 51. Bc6 Nb3+ 52. Kb4 Nd4+ 53. Kc5 Ne6+ 54. Kd6 Rxb6 55. Ra2 Nd4 56. Kc5 Rxc6+ 57. Kxd4 Re6 58. Rh2 Kg5 59. Rxh3 Kxg4 60. Rh1 f5 61. Rg1+ Kf4 62. Rf1+ Kg5 63. Rg1+ Kh4 64. Rf1 Kg4 65. Rg1+ Kh5 66. Rf1 Kg6 67. Rg1+ Kf6 68. Rf1 Re4+ 69. Kd3 Ke5 70. Rg1 Ra4 71. Re1+ Kf4 72. Rf1+ Kg5 73. Rg1+ Rg4 74. Rf1 Rg3+ 75. Ke2 Kg4 76. Kf2 f4 77. Ra1 Rb3 78. Ra4 Rb2+ 79. Kg1 Kg3 80. Ra8 Rb1# 0-1


[Site "https://www.chess.com"]

[Event "Titled Tuesday Blitz September 21 2021"]
[White "De Silva, L M S T"]
[Black "Chernov, Mikhail"]
[WhiteFideId "9953698"]
[BlackFideId "24143170"]
[WhiteElo "1621"]
[BlackElo "2244"]
[Result "1-0"]
[Round "03"]
[TimeControl "180+1"]
[Date "2021.09.21"]
[WhiteClock "0:01:11"]
[BlackClock "0:00:01"]

1. Nf3 Nc6 2. c4 e5 3. Nc3 g6 4. g3 Bg7 5. Bg2 d6 6. O-O Be6 7. d3 h6 8. Rb1 a5 9. e4 Nge7 10. Be3 O-O 11. Qd2 Kh7 12. Nd5 f5 13. Ne1 Nd4 14. Bxd4 exd4 15. Nxe7 Qxe7 16. exf5 Bxf5 17. Bxb7 Rab8 18. Bg2 a4 19. Nf3 Bg4 20. Ne1 Be2 21. Be4 Bxf1 22. Kxf1 Qd7 23. Ng2 c6 24. Nf4 Rf6 25. h4 d5 26. cxd5 cxd5 27. Nxd5 Rd6 28. Nf4 Be5 29. Nxg6 Rxg6 30. h5 Qh3+ 31. Kg1 Qxh5 32. Qa5 Rg8 33. Rc1 Kh8 34. Bxg6 Rxg6 35. Rc5 Qd1+ 36. Kg2 Bxg3 37. Qd8+ Rg8 38. Qf6+ Kh7 39. Qf5+ Rg6 40. fxg3 Qe2+ 41. Kh3 Qe7 42. Rd5 Qg7 43. Rd7 1-0


[Site "https://www.chess.com"]

[Event "Titled Tuesday Blitz September 21 2021"]
[White "Deac, Bogdan-Daniel"]
[Black "Ovetchkin, Roman"]
[WhiteFideId "1226380"]
[BlackFideId "4119991"]
[WhiteElo "2605"]
[BlackElo "2432"]
[Result "1-0"]
[Round "03"]
[TimeControl "180+1"]
[Date "2021.09.21"]
[WhiteClock "0:00:35"]
[BlackClock "0:00:17"]

1. e4 c6 2. Nf3 d5 3. d3 Qc7 4. exd5 cxd5 5. c4 Nf6 6. Nc3 g6 7. Bg5 Nbd7 8. cxd5 Bg7 9. d4 O-O 10. Qb3 Nb6 11. Rc1 Bg4 12. Ne5 Bf5 13. Be2 Qd8 14. Bf3 h6 15. Be3 g5 16. g4 Bh7 17. h4 gxh4 18. Rxh4 Nfxd5 19. Nxd5 e6 20. Nxb6 Qxh4 21. Nxa8 Qh3 22. Qxb7 Bxe5 23. dxe5 Bd3 24. Rc8 Qf1+ 25. Kd2 Qb1 26. Rxf8+ Kxf8 27. Qc8+ Kg7 28. Qc1 1-0


[Site "https://www.chess.com"]

[Event "Titled Tuesday Blitz September 21 2021"]
[White "Djokic, Mihailo"]
[Black "Vogel, Roven"]
[WhiteFideId "976440"]
[BlackFideId "12908088"]
[WhiteElo "2008"]
[BlackElo "2516"]
[Result "1-0"]
[Round "03"]
[TimeControl "180+1"]
[Date "2021.09.21"]
[WhiteClock "0:00:12"]
[BlackClock "0:01:29"]

1. e4 c6 2. d4 d5 3. e5 Bf5 4. h4 h5 5. Bg5 Qb6 6. Bd3 Qxd4 7. Nf3 Qg4 8. Bxf5 Qxf5 9. O-O e6 10. c4 Bc5 11. cxd5 exd5 12. Qb3 Bb6 13. Nc3 Nd7 14. Rae1 Nc5 15. Qd1 Ne6 16. Na4 Qg4 17. Qb3 Qc4 18. Qxc4 dxc4 19. Nc3 Ba5 20. Rd1 Bxc3 21. bxc3 Ne7 22. Nd2 Nxg5 23. hxg5 Nd5 24. Nxc4 Nxc3 25. Nd6+ Ke7 26. Rd3 Ne2+ 27. Kh2 Rhf8 28. f4 c5 29. Nf5+ Ke6 30. Nxg7+ Ke7 31. f5 Rfd8 32. f6+ Kf8 33. Rxd8+ Rxd8 34. e6 Rc8 35. e7+ Kg8 36. e8=Q+ Rxe8 37. Nxe8 c4 38. Rf2 Nd4 39. Rf4 Ne6 40. Rxc4 Nxg5 41. Nd6 Kh7 42. Rc7 Kg6 43. Rxb7 a5 44. Rb5 a4 45. Ra5 Kxf6 46. Rxa4 Ke6 47. Ne4 Nh7 48. Ng3 Nf6 49. Ra6+ Ke5 50. Rxf6 Kxf6 51. Nxh5+ Kg5 52. Ng3 f5 53. a4 f4 54. a5 fxg3+ 55. Kxg3 Kf6 56. a6 Kg5 57. a7 1-0


[Site "https://www.chess.com"]

[Event "Titled Tuesday Blitz September 21 2021"]
[White "Dmitrenko, Viktor"]
[Black "Laurusas, Tomas"]
[WhiteFideId "14110270"]
[BlackFideId "12803731"]
[WhiteElo "2294"]
[BlackElo "2573"]
[Result "0-1"]
[Round "03"]
[TimeControl "180+1"]
[Date "2021.09.21"]
[WhiteClock "0:00:12"]
[BlackClock "0:00:27"]

1. d4 Nf6 2. Nf3 d5 3. c4 c6 4. Qc2 dxc4 5. e4 b5 6. b3 cxb3 7. axb3 g6 8. Bd2 a5 9. d5 Bb7 10. dxc6 Bxc6 11. Bc3 b4 12. Bxf6 exf6 13. Nbd2 Be7 14. Bc4 O-O 15. O-O Qb6 16. e5 fxe5 17. Nxe5 Bb7 18. Rfe1 Bf6 19. Ndf3 Bxf3 20. gxf3 Ra7 21. Rad1 Re7 22. Nxf7 Rfxf7 23. Rxe7 Bxe7 24. Qe4 Kg7 25. Bxf7 Kxf7 26. Qd5+ Qe6 27. Qxa5 Nc6 28. Qb5 Ne5 29. Kg2 Qxb3 30. Qd5+ Qxd5 31. Rxd5 Ke6 32. Rb5 Nc6 33. f4 Nd4 34. Rb6+ Kd5 35. Kg3 b3 36. Rb7 Bd6 37. Kg4 Kc6 38. Rxb3 Nxb3 39. f5 gxf5+ 40. Kxf5 Be7 41. Ke6 Bh4 42. h3 Nd4+ 43. Kf7 Bxf2 44. Kg7 h5 45. Kg6 h4 46. Kh5 Bg3 47. Kg4 Kd5 48. Kg5 Ke4 49. Kg4 Ke3 50. Kg5 Kf3 51. Kh5 Kg2 52. Kg6 Kxh3 53. Kh7 Kh2 54. Kg6 Kg2 55. Kg5 h3 56. Kg6 h2 57. Kg5 h1=Q 58. Kg6 Qh4 59. Kf7 Qh6 60. Kg8 Qe6+ 61. Kh7 Qf7+ 62. Kh6 Bf4# 0-1


[Site "https://www.chess.com"]

[Event "Titled Tuesday Blitz September 21 2021"]
[White "Estrada Nieto, Julian"]
[Black "Molina, Roberto Junio Brito"]
[WhiteFideId "5101018"]
[BlackFideId "2109450"]
[WhiteElo "2270"]
[BlackElo "2402"]
[Result "1-0"]
[Round "03"]
[TimeControl "180+1"]
[Date "2021.09.21"]
[WhiteClock "0:00:14"]
[BlackClock "0:01:26"]

1. e4 c6 2. d4 d5 3. exd5 cxd5 4. Bd3 Nc6 5. c3 g6 6. Bf4 Bf5 7. Bxf5 gxf5 8. Nf3 e6 9. O-O Bd6 10. Bxd6 Qxd6 11. Re1 Nf6 12. Ne5 Rg8 13. Nd2 Rg7 14. Qb3 O-O-O 15. Ndf3 Ne4 16. Nxc6 Qxc6 17. Rac1 Kb8 18. c4 Qb6 19. Qxb6 axb6 20. cxd5 Rxd5 21. Rc2 f6 22. Rec1 Rgd7 23. Rc8+ Ka7 24. g3 e5 25. dxe5 fxe5 26. Re8 Rb5 27. Nxe5 Rd2 28. Rcc8 1-0


[Site "https://www.chess.com"]

[Event "Titled Tuesday Blitz September 21 2021"]
[White "FGHSMN"]
[Black "Sarana, Alexey"]
[BlackFideId "24133795"]
[WhiteElo "2705"]
[BlackElo "2671"]
[Result "1-0"]
[Round "03"]
[TimeControl "180+1"]
[Date "2021.09.21"]
[WhiteClock "0:00:29"]
[BlackClock "0:00:05"]

1. b3 Nf6 2. Bb2 d6 3. d4 Bf5 4. Nf3 h6 5. c4 e6 6. g3 d5 7. Bg2 c6 8. O-O Nbd7 9. Nbd2 Be7 10. Re1 O-O 11. a3 Ne4 12. Nxe4 Bxe4 13. e3 b5 14. c5 a5 15. b4 axb4 16. axb4 Qc7 17. Nd2 Bxg2 18. Kxg2 f5 19. Qe2 Nf6 20. f3 Qb7 21. Nb3 Bd8 22. Rxa8 Qxa8 23. Ra1 Qb7 24. Bc3 g5 25. Qa2 g4 26. f4 Ne4 27. Be1 Qd7 28. Qa7 Bc7 29. Ra6 Rf7 30. Qa8+ Bd8 31. Rxc6 Kg7 32. Rc8 Bf6 33. c6 Qd6 34. Nc5 h5 35. c7 Kh7 36. Rh8+ Bxh8 37. c8=Q Bg7 38. Qg8+ Kg6 39. Qae8 Qe7 40. Qxe7 Rxe7 41. Nxe6 Ra7 42. Qe8+ Kh6 43. Nxg7 Ra2+ 44. Kg1 Kxg7 45. Qd7+ Kg6 46. Qxd5 Ra1 47. Qe6+ Kg7 48. Qe5+ Kg6 49. Qe8+ Kf6 50. Kf1 Nd2+ 51. Ke2 Ne4 52. d5 Ra2+ 53. Kf1 Rxh2 54. Qe5+ Kg6 55. Qe6+ Kg7 56. Qxf5 Rh1+ 57. Kg2 Rxe1 58. Qxe4 1-0


[Site "https://www.chess.com"]

[Event "Titled Tuesday Blitz September 21 2021"]
[White "Federzoni, Enzo"]
[Black "Tanenbaum, Zachary"]
[WhiteFideId "2173301"]
[BlackFideId "2060850"]
[WhiteElo "1956"]
[BlackElo "2165"]
[Result "0-1"]
[Round "03"]
[TimeControl "180+1"]
[Date "2021.09.21"]
[WhiteClock "0:01:21"]
[BlackClock "0:00:31"]

1. c4 e5 2. Nc3 Nf6 3. g3 Bc5 4. Bg2 Nc6 5. e3 O-O 6. Nge2 Re8 7. O-O d6 8. d4 Bb6 9. b3 Bg4 10. h3 Bh5 11. g4 Bg6 12. Bb2 exd4 13. Nxd4 Bxd4 14. exd4 Ne4 15. Nxe4 Bxe4 16. Re1 Bxg2 17. Kxg2 Rxe1 18. Qxe1 d5 19. Qe3 Qd7 20. Re1 h6 21. Qf3 Rd8 22. cxd5 Nb4 23. Re5 Nxd5 24. Qe4 c6 25. a3 f6 26. Re6 Nf4+ 27. Qxf4 Qxe6 28. Qc7 Qd7 29. Qf4 Qd5+ 30. Kg1 Qxb3 31. Qc7 Re8 32. Qd7 Re1+ 33. Kh2 Qf3 34. Qe8+ Rxe8 0-1


[Site "https://www.chess.com"]

[Event "Titled Tuesday Blitz September 21 2021"]
[White "Florescu, Codrut-Constantin"]
[Black "Jobava, Baadur"]
[WhiteFideId "1202200"]
[BlackFideId "13601520"]
[WhiteElo "2243"]
[BlackElo "2731"]
[Result "0-1"]
[Round "03"]
[TimeControl "180+1"]
[Date "2021.09.21"]
[WhiteClock "0:00:43"]
[BlackClock "0:02:43"]

1. d4 Nf6 2. c4 c5 3. d5 e6 4. Nc3 exd5 5. cxd5 d6 6. e4 g6 7. f3 Bg7 8. Bg5 h6 9. Be3 O-O 10. Qd2 Kh7 11. Nge2 Re8 12. Ng3 Na6 13. Be2 Nc7 14. a4 Rb8 15. O-O Bd7 16. Rfc1 a6 17. Rab1 b5 18. axb5 Bxb5 19. b4 Bxe2 20. Ncxe2 Nfxd5 21. exd5 cxb4 22. Bd4 Bxd4+ 23. Nxd4 Nxd5 24. Nc6 Qb6+ 25. Qf2 Rb7 26. Qxb6 Rxb6 27. Ne4 Rc8 28. Nd4 Rxc1+ 29. Rxc1 a5 30. Ra1 b3 31. Rxa5 b2 32. Nd2 b1=Q+ 33. Nxb1 Rxb1+ 34. Kf2 Rb2+ 35. Kg1 Ne3 36. g3 Rg2+ 37. Kh1 Rd2 0-1


[Site "https://www.chess.com"]

[Event "Titled Tuesday Blitz September 21 2021"]
[White "Garcia Garcia, Alejandro"]
[Black "Trent, Lawrence"]
[WhiteFideId "3516334"]
[BlackFideId "408638"]
[WhiteElo "2131"]
[BlackElo "2474"]
[Result "0-1"]
[Round "03"]
[TimeControl "180+1"]
[Date "2021.09.21"]
[WhiteClock "0:00:04"]
[BlackClock "0:00:19"]

1. Nf3 Nc6 2. d4 d6 3. g3 Bg4 4. Bg2 e5 5. h3 Bh5 6. d5 Nce7 7. Nc3 f5 8. Ng5 Nf6 9. Ne6 Qd7 10. Nb5 Kf7 11. Nbxc7 Rc8 12. Nxf8 Qxc7 13. Ne6 Qxc2 14. Ng5+ Kg6 15. Qxc2 Rxc2 16. f3 h6 17. Ne6 Nfxd5 18. g4 Kf6 19. Kd1 Rhc8 20. Nd8 fxg4 21. hxg4 Bg6 22. g5+ hxg5 23. Nxb7 Nf5 24. Bh3 Nde3+ 25. Bxe3 Nxe3+ 26. Ke1 Rc1+ 27. Kf2 Rxa1 28. Rxa1 g4 29. Nxd6 Rb8 30. fxg4 Nd5 31. Nc4 Nf4 32. Bg2 Bf7 33. b3 Bxc4 34. bxc4 Rb2 35. Bd5 Rxe2+ 36. Kf3 Rd2 37. Be4 Nh3 38. Ke3 Rb2 39. c5 Ke7 40. c6 Rb5 41. Rd1 Rc5 42. Rd7+ Kf6 43. Rxa7 Ng5 44. Bg2 Ne6 45. Kd3 Nf4+ 46. Ke4 Nxg2 47. g5+ Kg6 48. c7 Nf4 49. a4 Ne6 50. a5 Nxc7 51. Rb7 Kxg5 52. a6 Nxa6 53. Rxg7+ Kf6 54. Rh7 Nb4 55. Rh6+ Kg5 56. Rb6 Nc6 57. Rb7 Kf6 58. Rb6 Ke6 59. Ra6 Rc4+ 60. Kd3 Kd5 0-1


[Site "https://www.chess.com"]